 Dungeon Crawl Stone Soup version 0.22-a0-305-gd21a89c (webtiles) character file.

616751 ololoev the Brawler (level 27, 0/224 HPs)
             Began as a Ghoul Artificer on Mar 27, 2018.
             Was the Champion of Yredelemnul.
             Killed from afar by an orb of fire (29 damage)
             ... with a bolt of fire
             ... on level 5 of the Realm of Zot on Mar 28, 2018.
             The game lasted 04:02:57 (53233 turns).

ololoev the Brawler (Ghoul Artificer)              Turns: 53233, Time: 04:02:58

Health: 0/224      AC: 23    Str: 28      XL:     27
Magic:  29/39      EV: 15    Int: 18 (19) God:    Yredelemnul [******]
Gold:   6281       SH: 15    Dex:  5 (7)  Spells: 17/52 levels left

rFire    + . .     SeeInvis +     - Unarmed
rCold    + . .     Gourm    .   V - +2 shield {reflect}
rNeg     + + +     Faith    +   c - +4 ring mail of the Onion {rN+ Regen+ Str+3 Stlth+}
rPois    ∞         Spirit   .   a - +2 helmet
rElec    +         Reflect  +   x - +2 cloak
rCorr    +         Harm     .   w - +0 pair of gloves of Entitlement {rElec MR+++ rCorr Dex-2}
MR       +++++                  s - +2 pair of boots
Stlth    ++........             L - amulet of faith
HPRegen  0.00/turn              t - ring of Fun {Fire MR+ Slay+6}
MPRegen  0.26/turn              S - ring "Plog" {rC+ Int+4 SInv}

@: mighty, rotting, wreathed by umbra, studying 3 skills
A: rotting body, claws 1, carnivore, cold resistance 1, negative energy
resistance 3, inhibited regeneration, torment resistance, unbreathing
}: 5/15 runes: decaying, slimy, silver, abyssal, gossamer
a: Recall Undead Slaves, Injury Mirror, Animate Dead, Drain Life, Enslave Soul,
Renounce Religion


Innate Abilities, Weirdness & Mutations

Your body is rotting away.
You thrive on raw meat.
You are immune to poison.
You have sharp fingernails.
You are carnivorous and can eat meat at any time.
Your flesh is cold resistant. (rC+)
You are immune to negative energy. (rN+++)
You do not regenerate when monsters are visible.
You are immune to unholy pain and torment.
You can survive without breathing.

Inventory:

Hand Weapons
 F - the +4 dagger "Morg" {pain, MR+ Int+5}
   (You found it on level 3 of the Crypt)

   In the hands of one skilled in necromantic magic, it inflicts extra damage on
   living creatures.
   It affects your intelligence (+5).
   It affects your resistance to hostile enchantments.
Armour
 a - a +2 helmet (worn)
 c - the +4 ring mail of the Onion (worn) {rN+ Regen+ Str+3 Stlth+}
   (You found it on level 4 of the Lair of Beasts)

   It affects your strength (+3).
   It protects you from negative energy.
   It increases your rate of regeneration.
   It makes you more stealthy.
 s - a +2 pair of boots (worn)
 w - the +0 pair of gloves of Entitlement (worn) {rElec MR+++ rCorr Dex-2}
   (You found it on level 3 of the Spider Nest)

   It affects your dexterity (-2).
   It insulates you from electricity.
   It affects your resistance to hostile enchantments.
   It protects you from acid and corrosion.
 x - a +2 cloak (worn)
 V - a +2 shield of reflection (worn)
Magical Staves
 G - an uncursed staff of wizardry
Jewellery
 t - the ring of Fun (left hand) {Fire MR+ Slay+6}
   (You found it in a bailey)

   [ring of fire]

   It enhances your fire magic.
   It affects your accuracy and damage with ranged weapons and melee attacks
   (+6).
   It protects you from fire.
   It makes you vulnerable to cold.
   It affects your resistance to hostile enchantments.
 L - an amulet of faith (around neck)
 S - the ring "Plog" (right hand) {rC+ Int+4 SInv}
   (You found it on level 3 of the Elven Halls)

   [ring of protection from cold]

   It affects your intelligence (+4).
   It protects you from cold.
   It lets you see invisible.
 U - an uncursed ring of wizardry
Wands
 A - a wand of iceblast (76)
 C - a wand of acid (34)
 P - a wand of clouds (15)
Scrolls
 b - 6 scrolls of fog
 h - 6 scrolls of fear
 i - 10 scrolls of remove curse
 j - 5 scrolls of blinking
 m - 6 scrolls of immolation
 n - 10 scrolls of enchant armour
 q - 30 scrolls of teleportation
 r - 6 scrolls of amnesia
 H - 6 scrolls of summoning
 J - 2 scrolls of torment
 M - 13 scrolls of magic mapping
 R - 25 scrolls of identify
Potions
 d - 3 potions of magic
 e - 4 potions of cancellation
 g - 8 potions of brilliance
 k - 4 potions of invisibility
 o - 7 potions of heal wounds
 p - 3 potions of might
 u - 2 potions of resistance
 v - 11 potions of haste
 z - 17 potions of curing
 B - 7 potions of agility
 N - 8 potions of flight
 O - 4 potions of ambrosia
Books
 D - a manual of Throwing
 K - a manual of Ice Magic
 Y - a manual of Fighting
Miscellaneous
 E - a phantom mirror
 I - a lightning rod (4/4)
 X - a lamp of fire
Comestibles
 f - 101 rations
 l - 3 chunks of flesh


   Skills:
 - Level 14.0 Fighting
 - Level 0.8 Short Blades
 - Level 11.0 Armour
 + Level 16.1 Dodging
 - Level 1.1 Stealth
 + Level 14.4 Shields
 - Level 17.2 Unarmed Combat
 + Level 13.4 Spellcasting
 + Level 12.2 Conjurations
 - Level 5.0 Translocations
 * Level 13.2 Fire Magic
 - Level 3.5 Air Magic
 + Level 13.5 Earth Magic
   Level 6.8 Poison Magic
 - Level 15.1 Invocations
 - Level 13.9 Evocations


You had 17 spell levels left.
You knew the following spells:

 Your Spells              Type           Power        Failure   Level  Hunger
a - Shatter               Erth           ######....   100%        9    #######
c - Ignition              Fire           ######....   92%         8    #######
k - Blink                 Tloc           N/A          1%          2    None
p - Apportation           Tloc           ####..       1%          1    None
s - Iron Shot             Conj/Erth      ######....   6%          6    ######.
t - Tornado               Air            ####......   100%        9    #######


You were on level 5 of the Realm of Zot.
You worshipped Yredelemnul.
Yredelemnul was exalted by your worship.
You were not hungry.

You visited 11 branches of the dungeon, and saw 57 of its levels.
You visited the Abyss 1 time.
You also visited: Bailey.

You collected 8756 gold pieces.
You spent 2475 gold pieces at shops.

##..........
.......
#..........
..(....
##..........
.......
#...........
.......
##.[.........
.....)q
##............
....^zA
###...##########
......*##....##
.....n*@A).###
▓▓▓▓▓▓▓▓▓▓▓#

Notes
Turn   | Place    | Note
-------+----------+-------------------------------------------
     0 | D:1      | ololoev the Ghoul Artificer began the quest for the Orb.
     0 | D:1      | Reached XP level 1. HP: 16/16 MP: 1/1
   114 | D:1      | Reached XP level 2. HP: 21/22 MP: 3/3
   191 | D:1      | Reached skill level 1 in Unarmed Combat
   380 | D:1      | Reached XP level 3. HP: 27/28 MP: 4/4
   951 | D:2      | You fall through a shaft!
   978 | D:3      | Noticed Jessica
   982 | D:3      | Killed Jessica
   982 | D:3      | Reached skill level 2 in Unarmed Combat
   982 | D:3      | Reached XP level 4. HP: 32/36 MP: 5/5
  1452 | D:2      | Reached skill level 1 in Armour
  1912 | D:3      | Reached XP level 5. HP: 17/41 MP: 6/6
  2451 | D:3      | Reached skill level 3 in Unarmed Combat
  2451 | D:3      | Reached XP level 6. HP: 48/50 MP: 7/7
  2460 | D:3      | Found a runed door.
  2460 | D:3      | Noticed a human
  2465 | D:3      | Found a basalt altar of Yredelemnul.
  2542 | D:3      | Killed a human
  2551 | D:3      | Became a worshipper of Yredelemnul the Dark
  2811 | D:3      | Found a runed door.
  3026 | D:3      | Noticed Crazy Yiuf
  3088 | D:3      | Killed Crazy Yiuf
  3192 | D:4      | Reached XP level 7. HP: 26/56 MP: 9/9
  3360 | D:4      | Found Zin's Purification Station.
  3360 | D:4      | Found a glowing silver altar of Zin.
  3383 | D:4      | Reached skill level 1 in Invocations
  3386 | D:4      | Bought a potion of curing for 90 gold pieces
  3446 | D:3      | Reached skill level 4 in Unarmed Combat
  3478 | D:4      | Noticed galech's ghost (amateur MiFi)
  3730 | D:4      | Found a staircase to the Ecumenical Temple.
  3741 | D:4      | DEFE: FE не зашел?
  3745 | D:4      | superd2: yeah Yred again! And OP ghouls
  3745 | D:4      | ololoev: фе помер в шоалсах
  3745 | D:4      | ololoev: не смог по лестниче подняться с 45хп
  3745 | D:4      | ololoev: отметелили на подьеме
  3756 | D:4      | ololoev: я так понял, самый простой способ - взять иреда и протабать левела так до 20го спокойно
  3756 | D:4      | ololoev: потом качать ФШ
  3789 | D:4      | Reached * piety under Yredelemnul
  4231 | D:4      | Killed galech's ghost
  4231 | D:4      | Reached skill level 5 in Unarmed Combat
  4231 | D:4      | Reached XP level 8. HP: 65/65 MP: 10/10
  4291 | D:5      | Entered Level 5 of the Dungeon
  5089 | D:6      | Noticed Duvessa
  5103 | D:5      | Learned a level 3 spell: Conjure Flame
  5132 | D:6      | Found a sparkling altar of Nemelex Xobeh.
  5132 | D:6      | Found a sacrificial altar of Ru.
  5132 | D:6      | Found a glowing golden altar of the Shining One.
  5132 | D:6      | Noticed Dowan
  5145 | D:6      | Killed Dowan
  5145 | D:6      | Reached skill level 5 in Evocations
  5444 | D:6      | Noticed Sigmund
  5541 | D:5      | Reached ** piety under Yredelemnul
  5579 | D:6      | Reached skill level 6 in Unarmed Combat
  5645 | D:6      | Killed Duvessa
  5645 | D:6      | Reached XP level 9. HP: 72/72 MP: 11/11
  5713 | D:6      | Killed Sigmund
  5756 | D:6      | Reached skill level 5 in Invocations
  5855 | D:6      | Found a hazy altar of Hepliaklqana.
  5856 | D:6      | Found a shimmering altar of Xom.
  5856 | D:6      | Noticed a death ooze
  5857 | D:6      | Noticed a death ooze
  5857 | D:6      | Noticed a spectral ugly thing
  5935 | D:6      | Found a radiant altar of Vehumet.
  5957 | D:6      | Found an opulent altar of Gozag.
  6185 | D:7      | Reached skill level 7 in Unarmed Combat
  6193 | D:7      | Found a flagged portal.
  6200 | Bailey   | Entered a bailey
  6205 | Bailey   | Noticed an orc warlord
  6246 | Bailey   | Reached skill level 5 in Fighting
  6313 | Bailey   | Noticed an orc knight
  6338 | Bailey   | Killed an orc knight
  6375 | Bailey   | Found a runed gate.
  6377 | Bailey   | Found a runed gate.
  6379 | Bailey   | Found a runed gate.
  6436 | Bailey   | Reached *** piety under Yredelemnul
  6531 | Bailey   | Killed an orc warlord
  6531 | Bailey   | Reached skill level 5 in Dodging
  6531 | Bailey   | Reached skill level 8 in Unarmed Combat
  6531 | Bailey   | Reached XP level 10. HP: 46/83 MP: 8/14
  6587 | Bailey   | Got a scorched turquoise ring
  6588 | Bailey   | Identified the ring of Fun {Fire MR+ Slay+6} (You found it in a bailey)
  6589 | Bailey   | ololoev: ololololo rovnoe kolco!
  7314 | D:8      | Found a staircase to the Lair.
  7387 | D:8      | Reached skill level 5 in Armour
  7400 | D:8      | Reached skill level 9 in Unarmed Combat
  7500 | D:8      | Reached XP level 11. HP: 84/89 MP: 11/16
  7619 | D:8      | Found a runed door.
  7628 | D:8      | Found a runed door.
  7647 | D:8      | Noticed a cyan ugly thing
  7657 | D:8      | Killed a cyan ugly thing
  7747 | D:8      | Found a burning altar of Makhleb.
  7816 | D:8      | Found an iron altar of Okawaru.
  8239 | D:8      | Reached **** piety under Yredelemnul
  8299 | D:9      | Noticed an orange crystal statue
  8431 | D:9      | Received a gift from Yredelemnul (a wight)
  8488 | D:9      | Identified Sif Muna's Catalogue of Toxic Creation
  8537 | D:9      | Received a gift from Yredelemnul (a wight)
  9079 | D:9      | Killed an orange crystal statue
  9190 | D:10     | Entered Level 10 of the Dungeon
  9249 | D:10     | Noticed Maurice
  9250 | D:10     | Noticed Maurice
  9250 | D:10     | Maurice changed into Maurice the porcupine
  9254 | D:10     | Killed Maurice the porcupine
  9313 | D:10     | Found Zotewkei's Book Boutique.
  9429 | D:10     | Reached skill level 10 in Unarmed Combat
  9439 | D:10     | Noticed Psyche
  9441 | D:10     | Noticed Psyche
  9441 | D:10     | Psyche changed into Psyche the golden eye
  9455 | D:10     | Killed Psyche the golden eye
  9749 | D:10     | Noticed Erica
  9753 | D:10     | Killed Erica
 10182 | D:10     | Received a gift from Yredelemnul (a mummy)
 10364 | D:11     | Got a twisted war axe
 10365 | D:11     | Identified the +7 war axe "Suenump" {chop, rF++ rC- Str+3} (You found it on level 11 of the Dungeon)
 10573 | D:11     | Received a gift from Yredelemnul (a mummy)
 11247 | D:12     | Killed an unseen horror
 11247 | D:12     | Reached XP level 12. HP: 33/99 MP: 18/18
 11703 | D:12     | Reached ***** piety under Yredelemnul
 11765 | D:12     | Found a shadowy altar of Dithmenos.
 11781 | D:12     | Reached skill level 10 in Invocations
 11841 | D:12     | Received a gift from Yredelemnul (2 flying skulls)
 12365 | D:12     | Reached skill level 11 in Unarmed Combat
 12389 | D:12     | Received a gift from Yredelemnul (a wight)
 12435 | D:12     | Found a staircase to the Orcish Mines.
 13153 | Orc:1    | Entered Level 1 of the Orcish Mines
 13325 | Orc:1    | Received a gift from Yredelemnul (5 flying skulls)
 13483 | Orc:1    | Noticed Urug
 13507 | Orc:1    | Killed Urug
 13645 | Orc:1    | Found Nedoserr's General Store.
 13687 | Orc:1    | Bought a potion of cancellation for 120 gold pieces
 13687 | Orc:1    | Bought a potion of heal wounds for 75 gold pieces
 13687 | Orc:1    | Bought a potion of lignification for 45 gold pieces
 13690 | Orc:1    | You fall through a shaft!
 13690 | Orc:2    | Entered Level 2 of the Orcish Mines
 13690 | Orc:2    | Noticed an orc high priest
 13696 | Orc:2    | Found a staircase to the Elven Halls.
 13848 | Orc:2    | Received a gift from Yredelemnul (a vampire)
 13907 | Orc:2    | Noticed Erolcha
 13938 | Orc:2    | Killed Erolcha
 13993 | Orc:2    | Noticed an orc high priest
 13996 | Orc:2    | Noticed a soul eater
 14007 | Orc:2    | Killed an orc high priest
 14033 | Orc:2    | Reached XP level 13. HP: 100/108 MP: 20/20
 14041 | Orc:2    | Received a gift from Yredelemnul (a phantasmal warrior)
 14074 | Orc:2    | Found Omuit's General Store.
 14363 | Orc:2    | Your ally Erolcha died
 14364 | Orc:2    | Received a gift from Yredelemnul (a skeletal warrior)
 14368 | Orc:2    | Reached skill level 12 in Unarmed Combat
 14905 | Orc:2    | Noticed Saint Roka
 15065 | Orc:2    | Killed Saint Roka
 15070 | Orc:2    | Received a gift from Yredelemnul (a phantasmal warrior)
 15166 | Orc:2    | Bought a scroll of identify for 22 gold pieces
 15166 | Orc:2    | Bought a scroll of summoning for 104 gold pieces
 15223 | Orc:2    | Received a gift from Yredelemnul (4 flying skulls)
 15490 | Orc:2    | Found Vohuw's Food Emporium.
 15491 | Orc:2    | Found Ovele's Magic Scroll Shoppe.
 15491 | Orc:2    | Found Reifoyh's Book Emporium.
 15492 | Orc:2    | Found Neaz's General Store.
 15501 | Orc:2    | Bought a scroll of holy word for 90 gold pieces
 15503 | Orc:2    | Bought the cursed +1 plate armour of Hysteria {Str+5} for 510 gold pieces
 15515 | Orc:2    | Bought a scroll of identify for 24 gold pieces
 15515 | Orc:2    | Bought a scroll of brand weapon for 240 gold pieces
 15515 | Orc:2    | Bought a scroll of identify for 24 gold pieces
 15515 | Orc:2    | Bought 3 scrolls of identify for 72 gold pieces
 15515 | Orc:2    | Bought a scroll of blinking for 90 gold pieces
 15515 | Orc:2    | Bought a scroll of magic mapping for 42 gold pieces
 15515 | Orc:2    | Bought a scroll of teleportation for 36 gold pieces
 15522 | Orc:2    | Reached skill level 10 in Evocations
 15522 | Orc:2    | Reached XP level 14. HP: 115/115 MP: 21/21
 15523 | Orc:2    | Reached XP level 15. HP: 122/122 MP: 22/22
 15732 | Lair:1   | Entered Level 1 of the Lair of Beasts
 16037 | Lair:1   | Received a gift from Yredelemnul (a wraith)
 16930 | Lair:2   | Received a gift from Yredelemnul (a vampire)
 17606 | Lair:3   | Received a gift from Yredelemnul (a wraith)
 17867 | Lair:3   | Found a staircase to the Swamp.
 18109 | Lair:4   | Reached skill level 13 in Unarmed Combat
 18293 | Lair:4   | Found a hole to the Spider Nest.
 18349 | Lair:4   | Received a gift from Yredelemnul (a skeletal warrior)
 19069 | Lair:4   | Got an emerald-encrusted ring mail
 19097 | Lair:5   | Reached XP level 16. HP: 126/131 MP: 24/24
 19344 | Lair:5   | Identified the +4 ring mail of the Onion {rN+ Regen+ Str+3 Stlth+} (You found it on level 4 of the Lair of Beasts)
 19706 | Lair:5   | Learned a level 3 spell: Mephitic Cloud
 19711 | Lair:5   | Learned a level 4 spell: Olgreb's Toxic Radiance
 19791 | Lair:6   | Entered Level 6 of the Lair of Beasts
 19881 | Lair:6   | Reached skill level 1 in Poison Magic
 20054 | Lair:6   | Reached ****** piety under Yredelemnul
 20091 | Lair:6   | Received a gift from Yredelemnul (a vampire knight)
 20153 | Lair:6   | Found a staircase to the Slime Pits.
 20153 | Lair:6   | Found a viscous altar of Jiyva.
 20180 | Lair:6   | Reached skill level 1 in Conjurations
 20191 | Lair:6   | Reached skill level 1 in Spellcasting
 20198 | Lair:6   | Reached skill level 1 in Air Magic
 20500 | Lair:6   | Identified a scroll of acquirement
 20546 | Lair:6   | Received a gift from Yredelemnul (a skeletal warrior)
 20612 | Lair:6   | Found a large runed door.
 20620 | Lair:6   | Found a large runed door.
 20914 | Swamp:1  | Entered Level 1 of the Swamp
 21051 | Swamp:1  | Got an ichor-stained robe
 21062 | Swamp:1  | Identified the cursed +0 robe of Lethargy {Int+2} (You found it on level 1 of the Swamp)
 21098 | Swamp:1  | Received a gift from Yredelemnul (a vampire knight)
 21106 | Swamp:1  | Got a pair of smoking gloves
 21117 | Swamp:1  | Identified the +2 pair of gloves of the Heavens {rElec rPois Str+4} (You acquired it on level 1 of the Swamp)
 21259 | Swamp:1  | Reached skill level 10 in Fighting
 21454 | Swamp:1  | Received a gift from Yredelemnul (a vampire)
 22433 | Swamp:3  | Received a gift from Yredelemnul (a flayed ghost)
 22658 | Swamp:3  | Noticed Nikola
 22678 | Swamp:3  | Killed Nikola
 22756 | Swamp:3  | Reached XP level 17. HP: 115/140 MP: 25/25
 22756 | Swamp:3  | Reached skill level 14 in Unarmed Combat
 22757 | Swamp:3  | Received a gift from Yredelemnul (a profane servitor)
 22789 | Swamp:3  | Noticed Louise
 22803 | Swamp:3  | Killed Louise
 23038 | Swamp:3  | Your ally Louise died
 23189 | Swamp:4  | Entered Level 4 of the Swamp
 23264 | Swamp:4  | Reached skill level 5 in Poison Magic
 23279 | Swamp:4  | Received a gift from Yredelemnul (a phantasmal warrior)
 23295 | Swamp:4  | Reached skill level 1 in Shields
 23438 | Swamp:4  | HP: 5/141 [very large slime creature (52)]
 23478 | Swamp:4  | Got a decaying rune of Zot
 23516 | Swamp:4  | Received a gift from Yredelemnul (a bone dragon)
 24145 | Spider:1 | Entered Level 1 of the Spider Nest
 24375 | Lair:4   | Received a gift from Yredelemnul (a flayed ghost)
 24440 | Spider:1 | Noticed Agnes
 24451 | Spider:1 | Killed Agnes
 24832 | Spider:2 | Received a gift from Yredelemnul (a profane servitor)
 24866 | Spider:1 | Received a gift from Yredelemnul (a vampire)
 25002 | Spider:2 | Received a gift from Yredelemnul (a ghoul)
 25053 | Spider:2 | Received a gift from Yredelemnul (a vampire knight)
 25070 | Spider:2 | Reached skill level 5 in Spellcasting
 25090 | Spider:2 | Received a gift from Yredelemnul (a skeletal warrior)
 25376 | Spider:3 | Reached XP level 18. HP: 149/149 MP: 27/27
 25499 | Spider:3 | Torious: lol
 25506 | Spider:3 | ololoev: orbit of destruction
 25546 | Spider:3 | Received a gift from Yredelemnul (a vampire knight)
 25564 | Spider:3 | Received a gift from Yredelemnul (a vampire)
 25672 | Spider:3 | Received a gift from Yredelemnul (a ghoul)
 25678 | Spider:3 | Noticed Roxanne
 25687 | Spider:3 | Killed Roxanne
 25698 | Spider:3 | Learned a level 2 spell: Blink
 25857 | Spider:3 | Identified the +0 pair of gloves of Entitlement {rElec MR+++ rCorr Dex-2} (You found it on level 3 of the Spider Nest)
 25965 | Spider:4 | Entered Level 4 of the Spider Nest
 25974 | Spider:4 | Received a gift from Yredelemnul (a ghoul)
 26363 | Spider:4 | Received a gift from Yredelemnul (a flayed ghost)
 26438 | Spider:4 | Identified Fyepirr's Compendium of Freezing Transmutation
 26527 | Spider:4 | Received a gift from Yredelemnul (a skeletal warrior)
 26531 | Spider:4 | Noticed Arachne
 26531 | Spider:4 | Reached skill level 15 in Unarmed Combat
 26541 | Spider:4 | Killed Arachne
 26584 | Spider:4 | Received a gift from Yredelemnul (a flayed ghost)
 26668 | Spider:4 | Received a gift from Yredelemnul (a flayed ghost)
 26949 | Spider:4 | Got a gossamer rune of Zot
 27358 | D:13     | Received a gift from Yredelemnul (a vampire knight)
 27493 | D:13     | Found a white marble altar of Elyvilon.
 27537 | D:13     | Found Yhiclom's Distillery.
 27542 | D:13     | Bought a potion of might for 48 gold pieces
 27542 | D:13     | Bought a potion of resistance for 120 gold pieces
 27542 | D:13     | Bought a potion of haste for 120 gold pieces
 27542 | D:13     | Bought a potion of magic for 96 gold pieces
 27542 | D:13     | Bought a potion of ambrosia for 96 gold pieces
 27542 | D:13     | Bought 2 potions of might for 96 gold pieces
 27584 | D:13     | Noticed CasualChangeling's ghost (journeyman MiFi)
 27609 | D:13     | Killed CasualChangeling's ghost
 28035 | D:14     | Received a gift from Yredelemnul (a flayed ghost)
 28343 | D:14     | Reached skill level 5 in Conjurations
 28397 | D:14     | Found a gate to the Vaults.
 28404 | D:14     | Reached XP level 19. HP: 158/158 MP: 28/28
 28677 | D:14     | Noticed Josephine
 28691 | D:14     | Killed Josephine
 28815 | D:14     | Learned a level 6 spell: Iron Shot
 29039 | D:15     | Entered Level 15 of the Dungeon
 29091 | D:15     | Received a gift from Yredelemnul (a phantasmal warrior)
 29157 | D:15     | Reached skill level 10 in Dodging
 29168 | D:15     | Received a gift from Yredelemnul (a skeletal warrior)
 29190 | D:15     | Reached skill level 1 in Earth Magic
 29430 | D:15     | Got an ichor-stained rapier {flame}
 29431 | D:15     | Identified the +9 rapier of Distant Shores {flame, rF+ rC- MR+} (You took it off a deep elf mage on level 15 of the Dungeon)
 29646 | D:15     | Found a staircase to the Depths.
 29775 | Vaults:1 | Entered Level 1 of the Vaults
 29818 | Vaults:1 | Reached skill level 10 in Armour
 29845 | Vaults:1 | Received a gift from Yredelemnul (a vampire)
 29911 | Vaults:1 | Received a gift from Yredelemnul (a vampire)
 30032 | Vaults:1 | Reached skill level 16 in Unarmed Combat
 30201 | Vaults:1 | Received a gift from Yredelemnul (a skeletal warrior)
 30996 | Vaults:2 | Reached skill level 5 in Shields
 31170 | Vaults:2 | Received a gift from Yredelemnul (a phantasmal warrior)
 31333 | Vaults:2 | Received a gift from Yredelemnul (a ghoul)
 31469 | Vaults:2 | Reached XP level 20. HP: 122/168 MP: 31/31
 31521 | Vaults:2 | Found a staircase to the Crypt.
 31946 | Vaults:2 | Cast into level 5 of the Abyss (a Zot trap)
 31946 | Abyss:5  | Entered Level 5 of the Abyss
 31948 | Abyss:5  | Found a corrupted altar of Lugonu.
 31949 | Abyss:5  | ololoev: abyss 5! lol why!!
 31957 | Abyss:5  | Torious: ohno
 31971 | Abyss:5  | Found a corrupted altar of Lugonu.
 31981 | Abyss:5  | Torious: mmmm nice
 32000 | Abyss:5  | Got an abyssal rune of Zot
 32209 | Vaults:2 | Escaped the Abyss
 32210 | Vaults:2 | ololoev: !speedabyss
 32210 | Vaults:2 | Torious: :D
 32210 | Vaults:2 | beem: ololoev's fastest abyss rune retrieval: 54
 32210 | Vaults:2 | ololoev: yeah
 32210 | Vaults:2 | ololoev: new personal record
 32265 | Vaults:2 | Paralysed by a floating eye for 2 turns
 32477 | Vaults:3 | Received a gift from Yredelemnul (a ghoul)
 32773 | Vaults:3 | Received a gift from Yredelemnul (a phantasmal warrior)
 33418 | Vaults:3 | Found the +8 glaive of the Guard {elec, +Rage AC+5 SInv}
 33565 | Vaults:3 | Received a gift from Yredelemnul (a vampire knight)
 33666 | Vaults:3 | Torious: !speedabyss
 33666 | Vaults:3 | beem: Torious's fastest abyss rune retrieval: 187
 33941 | Vaults:4 | Reached skill level 5 in Earth Magic
 33941 | Vaults:4 | Received a gift from Yredelemnul (a vampire knight)
 34081 | Vaults:4 | Found Ofoca's Assorted Antiques.
 34082 | Vaults:4 | Found Farovos's Armour Shop.
 34090 | Vaults:4 | Bought a scroll of identify for 60 gold pieces
 34175 | Vaults:4 | Received a gift from Yredelemnul (a ghoul)
 34190 | Vaults:4 | Found Osous's Book Shop.
 34261 | Vaults:4 | Received a gift from Yredelemnul (a vampire)
 34324 | Vaults:4 | Received a gift from Yredelemnul (a vampire)
 34338 | Vaults:4 | Reached XP level 21. HP: 176/176 MP: 33/33
 34524 | Vaults:4 | Reached skill level 17 in Unarmed Combat
 34695 | Vaults:4 | Found Sylefaw's Food Boutique.
 35022 | Elf:1    | Entered Level 1 of the Elven Halls
 35022 | Elf:1    | Noticed Asterion
 35030 | Elf:1    | Killed Asterion
 35041 | Elf:1    | Received a gift from Yredelemnul (a ghoul)
 35358 | Elf:1    | Reached skill level 15 in Invocations
 35358 | Elf:1    | Received a gift from Yredelemnul (a phantasmal warrior)
 35385 | Elf:1    | Noticed Frances
 35410 | Elf:1    | Killed Frances
 35772 | Elf:1    | Identified the Grimoire of Evil Rituals
 35784 | Elf:1    | Learned a level 9 spell: Shatter
 35919 | Elf:1    | Noticed Aizul
 35942 | Elf:1    | Killed Aizul
 36027 | Elf:1    | Received a gift from Yredelemnul (a vampire)
 36073 | Elf:1    | Learned a level 1 spell: Flame Tongue
 36234 | Elf:1    | Found Ode Xaas's Armour Shoppe.
 36251 | Elf:1    | Received a gift from Yredelemnul (a vampire knight)
 36693 | Elf:2    | Reached skill level 1 in Fire Magic
 37026 | Elf:2    | Found a runed gate.
 37026 | Elf:2    | Found a runed gate.
 37077 | Elf:2    | Found a runed gate.
 37175 | Elf:3    | Entered Level 3 of the Elven Halls
 37223 | Elf:3    | Received a gift from Yredelemnul (a phantasmal warrior)
 37273 | Elf:3    | Found Dimamnie's General Store.
 37312 | Elf:3    | Bought a wand of acid (3) for 210 gold pieces
 37312 | Elf:3    | Bought a scroll of remove curse for 45 gold pieces
 37834 | Elf:3    | Reached skill level 10 in Spellcasting
 37907 | Elf:3    | Received a gift from Yredelemnul (a skeletal warrior)
 37918 | Elf:3    | Noticed 4thArraOfDagon's ghost (journeyman DrIE)
 37926 | Elf:3    | Reached XP level 22. HP: 133/185 MP: 14/35
 37938 | Elf:3    | Killed 4thArraOfDagon's ghost
 37971 | Elf:3    | Got a steaming scale mail
 37972 | Elf:3    | Identified the +6 scale mail of Heruiboca {Dex+4} (You took it off a deep elf blademaster on level 3 of the Elven Halls)
 38300 | Elf:3    | Got a pitted fustibalus
 38301 | Elf:3    | Identified the +7 fustibalus of Forced Transition {flame, rElec rC++} (You found it on level 3 of the Elven Halls)
 38310 | Elf:3    | Got a scorched long sword
 38311 | Elf:3    | Identified the +3 long sword of Jyennonory {protect, *Rage rElec rPois rN+} (You found it on level 3 of the Elven Halls)
 38323 | Elf:3    | Got a smoking golden ring
 38324 | Elf:3    | Identified the ring "Plog" {rC+ Int+4 SInv} (You found it on level 3 of the Elven Halls)
 38331 | Elf:3    | Got a pitted morningstar
 38332 | Elf:3    | Identified the +6 morningstar of Cujogg {speed, Dex+3} (You found it on level 3 of the Elven Halls)
 38349 | Elf:3    | Learned a level 8 spell: Ignition
 38351 | Elf:3    | Learned a level 1 spell: Apportation
 38353 | Elf:3    | Identified the Almanac of Ignition and Earth
 38383 | Elf:3    | Learned a level 9 spell: Tornado
 38405 | Elf:3    | Identified Sif Muna's Catalogue of the Compass
 38439 | Elf:3    | Got a distressingly furry leather armour
 38439 | Elf:3    | Got a smoking large shield
 38441 | Elf:3    | Identified the +1 leather armour of the Arcane {Dex+3 Slay+5} (You took it off a deep elf death mage on level 3 of the Elven Halls)
 38444 | Elf:3    | Identified the -8 large shield of the Great Game {rN++ Str+4 Dex-2} (You took it off a deep elf death mage on level 3 of the Elven Halls)
 38859 | Slime:1  | Entered Level 1 of the Pits of Slime
 38869 | Slime:1  | Received a gift from Yredelemnul (a ghoul)
 38921 | Slime:4  | Noticed whitenoisemaker's ghost (journeyman TrMo)
 38923 | Slime:4  | Paralysed by a floating eye for 2 turns
 38933 | Slime:4  | Killed whitenoisemaker's ghost
 38939 | Slime:5  | Entered Level 5 of the Pits of Slime
 38968 | Slime:5  | Received a gift from Yredelemnul (a vampire)
 38970 | Slime:5  | Noticed the Royal Jelly
 38988 | Slime:5  | Killed the Royal Jelly
 38988 | Slime:5  | Reached skill level 1 in Translocations
 39046 | Slime:5  | Identified the Handbook of Boosting Ice
 39059 | Slime:5  | Got a slimy rune of Zot
 39061 | Slime:5  | Got a polished scimitar
 39062 | Slime:5  | Identified the +10 scimitar "Baichy" {chaos, Str+4 Dex+3} (You found it on level 5 of the Pits of Slime)
 39135 | Slime:5  | Got an ancient rapier
 39524 | Depths:1 | Entered Level 1 of the Depths
 39603 | Depths:1 | Found Ponag's Demolitions Depot.
 39628 | Depths:1 | Found a one-way gate to the infinite horrors of the Abyss.
 39640 | Depths:1 | Received a gift from Yredelemnul (a ghoul)
 39653 | Depths:1 | Reached skill level 5 in Fire Magic
 39725 | Depths:1 | Found a gateway to a ziggurat.
 39736 | Depths:1 | Received a gift from Yredelemnul (a phantasmal warrior)
 39877 | Depths:1 | Received a gift from Yredelemnul (a vampire)
 40112 | Depths:1 | Found a huge runed gate.
 40112 | Depths:1 | Found a huge runed gate.
 40112 | Depths:1 | Found a huge runed gate.
 40118 | Depths:1 | Found a huge runed gate.
 40118 | Depths:1 | Found a huge runed gate.
 40120 | Depths:1 | Found a huge runed gate.
 40120 | Depths:1 | Found a huge runed gate.
 40120 | Depths:1 | Found a huge runed gate.
 40120 | Depths:1 | Found a huge runed gate.
 40120 | Depths:1 | Found a huge runed gate.
 40120 | Depths:1 | Found a huge runed gate.
 40123 | Depths:1 | Found a huge runed gate.
 40133 | Depths:1 | Found a huge runed gate.
 40136 | Depths:1 | Found a huge runed gate.
 40136 | Depths:1 | Found a huge runed gate.
 40136 | Depths:1 | Found a huge runed gate.
 40141 | Depths:1 | Found a huge runed gate.
 40141 | Depths:1 | Found a huge runed gate.
 40141 | Depths:1 | Found a huge runed gate.
 40142 | Depths:1 | Found a huge runed gate.
 40143 | Depths:1 | Found a huge runed gate.
 40147 | Depths:1 | Found a huge runed gate.
 40147 | Depths:1 | Found a huge runed gate.
 40147 | Depths:1 | Found a huge runed gate.
 40147 | Depths:1 | Found a huge runed gate.
 40147 | Depths:1 | Found a huge runed gate.
 40147 | Depths:1 | Found a huge runed gate.
 40147 | Depths:1 | Found a huge runed gate.
 40179 | Depths:1 | Found a huge runed gate.
 40180 | Depths:1 | Found a huge runed gate.
 40181 | Depths:1 | Found a huge runed gate.
 40271 | Depths:1 | Found a gateway to Hell.
 40558 | Depths:2 | Received a gift from Yredelemnul (a flayed ghost)
 40565 | Depths:2 | Noticed Fingolfin's ghost (master FoFi)
 40580 | Depths:2 | Killed Fingolfin's ghost
 40618 | Depths:2 | Received a gift from Yredelemnul (a skeletal warrior)
 40872 | Depths:2 | Reached XP level 23. HP: 121/193 MP: 27/36
 40881 | Depths:2 | Received a gift from Yredelemnul (a skeletal warrior)
 41272 | Depths:3 | Noticed Jory
 41281 | Depths:3 | Killed Jory
 41282 | Depths:3 | Received a gift from Yredelemnul (a vampire knight)
 41366 | Depths:3 | Received a gift from Yredelemnul (a skeletal warrior)
 41609 | Depths:3 | Found a one-way gate leading to the halls of Pandemonium.
 41656 | Depths:3 | Received a gift from Yredelemnul (a vampire)
 41735 | Depths:3 | Got a spiked large shield
 41736 | Depths:3 | Identified the +3 large shield of Trog's Regard {rN+ MR+} (You took it off a daeva on level 3 of the Depths)
 41752 | Depths:3 | Identified the Compendium of Creative Poison
 41991 | Depths:4 | Noticed Jorgrun
 41998 | Depths:4 | Received a gift from Yredelemnul (a vampire knight)
 42003 | Depths:4 | Killed Jorgrun
 42022 | Depths:4 | Received a gift from Yredelemnul (a phantasmal warrior)
 42063 | Depths:4 | Noticed Xtahua
 42076 | Depths:4 | Killed Xtahua
 42077 | Depths:4 | Noticed Mennas
 42085 | Depths:4 | Killed Mennas
 42094 | Depths:4 | Received a gift from Yredelemnul (a skeletal warrior)
 42100 | Depths:4 | Noticed Sojobo
 42114 | Depths:4 | Killed Sojobo
 42114 | Depths:4 | Reached skill level 10 in Shields
 42260 | Depths:4 | Noticed a juggernaut
 42632 | Depths:4 | Found a transporter.
 42870 | Depths:4 | Found a transporter.
 42870 | Depths:4 | Found a runed door.
 42876 | Depths:4 | Received a gift from Yredelemnul (a phantasmal warrior)
 42906 | Depths:4 | Killed a juggernaut
 42924 | Depths:4 | Found a bloodstained altar of Trog.
 42925 | Depths:4 | Found the cursed necklace of Bloodlust {*Rage +Rage MR++ Int-3 Slay+6 *Curse}
 43029 | Depths:5 | Entered Level 5 of the Depths
 43029 | Depths:5 | Noticed a juggernaut
 43039 | Depths:5 | Killed a juggernaut
 43053 | Depths:5 | Received a gift from Yredelemnul (a ghoul)
 43069 | Depths:5 | Reached skill level 5 in Translocations
 43126 | Depths:5 | Noticed a golden dragon
 43134 | Depths:5 | Killed a golden dragon
 43146 | Depths:5 | Killed a juggernaut
 43146 | Depths:5 | Reached XP level 24. HP: 179/203 MP: 37/37
 43160 | Depths:5 | Got an iridescent whip
 43161 | Depths:5 | Identified the +4 whip of the Illusory Lies {speed, rPois Int+4} (You found it on level 5 of the Depths)
 43470 | Depths:5 | Received a gift from Yredelemnul (a profane servitor)
 43508 | Depths:5 | Received a gift from Yredelemnul (a flayed ghost)
 43539 | Depths:5 | Found a gate to the Realm of Zot.
 43637 | Depths:5 | Found Seocaukh's One-of-a-Kind Books.
 43980 | Vaults:5 | Entered Level 5 of the Vaults
 43980 | Vaults:5 | Noticed Margery
 43987 | Vaults:5 | Reached skill level 10 in Earth Magic
 43988 | Vaults:5 | Reached skill level 10 in Conjurations
 43997 | Vaults:5 | Killed Margery
 44018 | Vaults:5 | Noticed Mara
 44023 | Vaults:5 | Killed Mara
 44029 | Vaults:5 | Received a gift from Yredelemnul (a phantasmal warrior)
 44216 | Vaults:5 | Found the +10 dark maul {crush}
 44289 | Vaults:5 | Received a gift from Yredelemnul (a vampire knight)
 44309 | Vaults:5 | Got a heavily runed pewter ring
 44324 | Vaults:5 | Identified the ring "Babosafo" {*Tele Str+4} (You took it off a yaktaur on level 5 of the Vaults)
 44362 | Vaults:5 | Got a scintillating silver amulet
 44557 | Vaults:5 | Received a gift from Yredelemnul (a vampire)
 44632 | Vaults:5 | Identified the amulet "Lanotz" {Inacc rC+ Dex+4} (You found it on level 5 of the Vaults)
 44763 | Vaults:5 | Reached skill level 10 in Fire Magic
 44924 | Vaults:5 | Reached XP level 25. HP: 202/210 MP: 38/38
 44970 | Vaults:5 | Found Paom Epu's Armour Shop.
 45064 | Vaults:5 | Got a silver rune of Zot
 45399 | Vaults:5 | Got a dazzling demon whip {drain}
 45400 | Vaults:5 | Identified the +6 demon whip of the Trees {drain, rN+} (You took it off a deep elf high priest on level 5 of the Vaults)
 45549 | Crypt:1  | Entered Level 1 of the Crypt
 45635 | Crypt:1  | Received a gift from Yredelemnul (a skeletal warrior)
 45844 | Crypt:1  | Received a gift from Yredelemnul (a ghoul)
 45851 | Crypt:1  | Found an ancient bone altar of Kikubaaqudgha.
 46067 | Crypt:1  | Received a gift from Yredelemnul (a phantasmal warrior)
 46178 | Crypt:1  | Noticed Boris
 46188 | Crypt:1  | Killed Boris
 46346 | Crypt:1  | Noticed Frederick
 46360 | Crypt:1  | Killed Frederick
 46436 | Crypt:2  | Noticed Donald
 46450 | Crypt:2  | Killed Donald
 46562 | Crypt:2  | Received a gift from Yredelemnul (a vampire knight)
 46669 | Crypt:2  | Noticed Bai Suzhen
 46684 | Crypt:2  | Killed Bai Suzhen
 46792 | Crypt:2  | Received a gift from Yredelemnul (a skeletal warrior)
 47026 | Crypt:3  | Entered Level 3 of the Crypt
 47074 | Crypt:3  | Found a staircase to the Tomb.
 47222 | Crypt:3  | Received a gift from Yredelemnul (a ghoul)
 47364 | Crypt:3  | Received a gift from Yredelemnul (a skeletal warrior)
 47379 | Crypt:3  | Reached skill level 15 in Dodging
 47522 | Crypt:3  | Received a gift from Yredelemnul (a flayed ghost)
 47855 | Crypt:3  | Found the +4 dagger "Morg" {pain, MR+ Int+5}
 47866 | Crypt:3  | Identified the cursed +1 gold dragon scales of Intercession {rPois rF+ rC+ Int+4} (You found it on level 3 of the Crypt)
 47948 | Crypt:3  | Received a gift from Yredelemnul (a vampire knight)
 47983 | Crypt:3  | Noticed an ancient lich
 47992 | Crypt:3  | Killed an ancient lich
 48045 | Crypt:3  | Identified the Disquisition on Intoxication
 48057 | Crypt:3  | Got a warped trident
 48058 | Crypt:3  | Identified the cursed +3 trident of Defilement {freeze, +Rage rF+ rC+ Str+3} (You found it on level 3 of the Crypt)
 48290 | Crypt:3  | Identified the +1 plate armour of Death's Door {rC+} (You found it on level 3 of the Crypt)
 48848 | Zot:1    | Entered Level 1 of the Realm of Zot
 49151 | Zot:1    | Received a gift from Yredelemnul (a profane servitor)
 49378 | Zot:1    | Reached XP level 26. HP: 209/217 MP: 31/38
 49450 | Zot:1    | Noticed an orb of fire
 49451 | Zot:1    | Noticed an orb of fire
 49464 | Zot:1    | Killed an orb of fire
 49466 | Zot:1    | Killed an orb of fire
 49585 | Zot:1    | Received a gift from Yredelemnul (a ghoul)
 50306 | Zot:2    | Received a gift from Yredelemnul (a skeletal warrior)
 50857 | Zot:3    | Received a gift from Yredelemnul (a skeletal warrior)
 51144 | Zot:3    | Upgraded the game from 0.22-a0-303-g4a852b3 to 0.22-a0-305-gd21a89c
 51171 | Zot:3    | Received a gift from Yredelemnul (a profane servitor)
 51535 | Zot:4    | DEFE: Такс такс такс
 51535 | Zot:4    | DEFE: 18 инты
 51535 | Zot:4    | DEFE: идешь к успеху
 51535 | Zot:4    | ololoev: мда
 51535 | Zot:4    | ololoev: ну у меня есть кольцо фаера
 51535 | Zot:4    | ololoev: и роба фолиевая
 51535 | Zot:4    | ololoev: так что думаю норм с павером будет
 51535 | Zot:4    | ololoev: лол сейчас смотрю одного нуба
 51535 | Zot:4    | ololoev: играет за дд хлеба
 51535 | Zot:4    | ololoev: у него к д11 еще ни одна пушка не качана
 51535 | Zot:4    | ololoev: бегает с вандами и иглами только
 51537 | Zot:4    | Received a gift from Yredelemnul (a flayed ghost)
 52722 | Zot:5    | Entered Level 5 of the Realm of Zot
 53063 | Zot:5    | Received a gift from Yredelemnul (a flayed ghost)
 53152 | Zot:5    | Reached XP level 27. HP: 215/224 MP: 38/39
 53173 | Zot:5    | DEFE: lol
 53183 | Zot:5    | DEFE: о 19
 53189 | Zot:5    | ololoev: aga
 53189 | Zot:5    | ololoev: prokachalsya
 53192 | Zot:5    | Noticed an orb of fire
 53203 | Zot:5    | Noticed an ancient lich
 53205 | Zot:5    | Noticed an orb of fire
 53207 | Zot:5    | DEFE: ты в курсе
 53210 | Zot:5    | DEFE: что ты кулаком бьешь
 53211 | Zot:5    | DEFE: а не когтями
 53211 | Zot:5    | ololoev: da
 53211 | Zot:5    | ololoev: u menya perchatki godnie s rezistami
 53222 | Zot:5    | Killed an ancient lich
 53229 | Zot:5    | Received a gift from Yredelemnul (a profane servitor)
 53233 | Zot:5    | Killed from afar by an orb of fire

Dungeon Overview and Level Annotations

Branches:
Dungeon (15/15)            Temple (0/1) D:4            Lair (6/6) D:8
  Swamp (4/4) Lair:3       Spider (4/4) Lair:4        Slime (5/5) Lair:6
    Orc (2/2) D:12            Elf (3/3) Orc:2        Vaults (5/5) D:14
  Crypt (3/3) Vaults:2       Tomb (0/3) Crypt:3      Depths (5/5) D:15
    Zot (5/5) Depths:5

Altars:
Dithmenos
Elyvilon
Gozag
Hepliaklqana
Kikubaaqudgha
Makhleb
Nemelex Xobeh
Okawaru
Ru
Trog
Vehumet
Xom
Yredelemnul
Zin
The Shining One
Jiyva

Shops:
D:10 :   D:13 !   Orc:1 *   Orc:2 *%:?*   Elf:1 [   Elf:3 *   Vaults:4 :%[*
Vaults:5 [   Depths:1 *   Depths:5 :

Portals:
Hell: Depths:1 Depths:2 Depths:3 Depths:4 Depths:5
Abyss: Depths:1* Depths:2 Depths:4
Pandemonium: Depths:3
Ziggurat: Depths:1

Annotations:
D:9 exclusion: orange crystal statue
Elf:2 3 runed doors


Message History

Your profane servitor burns something.
Your profane servitor hits something but does no damage.
Unknown command.
You hit the orb of fire but do no damage.
The orb of fire is heavily damaged.
The bolt of lightning hits your profane servitor.
Your profane servitor resists.
A bolt of lightning appears from out of your range of vision.
Your skeletal warrior hits the black draconian scorcher with a scimitar!
Your profane servitor hits something with a whip of flaming.
Your profane servitor burns something.
Yredelemnul accepts your kill.
You feel a bit more experienced.
Your ghoul claws the orb of fire!
Your ghoul completely misses the orb of fire.
The orb of fire glows red.
Strange energies course through your body.
Your body decomposes!
You feel dopey.
Yredelemnul grants you a profane servitor!
You hit the orb of fire but do no damage.
The orb of fire is heavily damaged.
Your profane servitor misses the orb of fire.
Your profane servitor hits the orb of fire but does no damage.
The orb of fire glows deep purple.
The fireball explodes!
The fireball engulfs you! You resist.
The fireball engulfs the orb of fire.
The orb of fire completely resists.
The fireball engulfs the orb of fire.
The orb of fire completely resists.
The fireball engulfs your profane servitor.
Your profane servitor is destroyed!
Unknown command.
Unknown command.
Unknown command.
You punch the orb of fire!
The orb of fire is heavily damaged.
Something completely misses your profane servitor.
Your skeletal warrior closely misses the orb of fire.
Your ghoul closely misses the orb of fire.
Your ghoul claws the orb of fire but does no damage.
Your profane servitor hits the orb of fire but does no damage.
Your profane servitor hits the orb of fire with a whip of flaming.
Unknown command.
Unknown command.
You pummel the orb of fire!!
The orb of fire is almost destroyed.
The orb of fire glows yellow.
Strange energies course through your body.
Your body decomposes!
You feel clumsy.
Your profane servitor closely misses the orb of fire.
Your profane servitor hits the orb of fire with a whip of flaming.
Your ghoul claws the orb of fire but does no damage. x2
Unknown command.
You catch the helpless orb of fire completely off-guard!
You hit the orb of fire but do no damage.
The orb of fire is almost destroyed.
Your skeletal warrior hits the orb of fire with a scimitar.
The orb of fire glows red.
The fireball explodes!
The fireball engulfs you! You resist.
The fireball engulfs the orb of fire.
The orb of fire completely resists.
The fireball engulfs the orb of fire.
The orb of fire completely resists.
The fireball engulfs your ghoul.
Your profane servitor hits the orb of fire but does no damage.
Your profane servitor hits the orb of fire with a whip of flaming.
The black draconian scorcher gestures at you while chanting.
The bolt of fire hits your profane servitor.
The bolt of fire hits the orb of fire.
The orb of fire completely resists.
The bolt of fire hits you! You resist.
You catch the helpless orb of fire completely off-guard!
You hit the orb of fire but do no damage.
The orb of fire is almost destroyed.
The orb of fire glows deep purple.
The fireball explodes!
The fireball engulfs you! You resist.
The fireball engulfs the orb of fire.
The orb of fire completely resists.
The fireball engulfs the orb of fire.
The orb of fire completely resists.
The fireball engulfs your ghoul.
Your ghoul is destroyed!
The orb of fire glows red.
The bolt of fire hits you! You resist.
You die...
Yredelemnul claims you as an undead slave.

You could see 2 orbs of fire, a black draconian scorcher, 2 friendly profane servitors, a friendly ghoul and a friendly skeletal warrior.

Vanquished Creatures
  Mara (Vaults:5)
  A juggernaut (Depths:4)
  Sojobo (Depths:4)
  Margery (Vaults:5)
  Frederick (Crypt:1)
  Saint Roka (Orc:2)
  Xtahua (Depths:4)
  2 golden dragons
  3 curse toes
  A lich (Vaults:5)
  5 tentacled monstrosities
  A Hell Sentinel (Abyss:5)
  An Orb Guardian (Zot:5)
  A quicksilver dragon (Zot:1)
  A deep elf master archer (Elf:3)
  2 death cobs
  An Executioner (Abyss:5)
  An acid blob (Slime:5)
  2 ancient champions
  Frances (Elf:1)
  A deep elf blademaster (Elf:3)
  2 tentacled starspawn (Abyss:5)
  3 sphinxes
  A tengu reaver (Depths:2)
  6 shadow dragons
  4 storm dragons
  2 thorn hunters (Swamp:4)
  4 fire giants
  3 frost giants
  A draconian monk (Zot:5)
  A draconian knight (Zot:1)
  An iron dragon (Vaults:5)
  An azure jelly (Slime:4)
  7 vault wardens
  4 ghost moths
  An orc warlord (Bailey)
  6 deep elf sorcerers
  An emperor scorpion (Spider:4)
  3 deep elf elementalists (Elf:3)
  3 draconian annihilators
  A curse skull (Crypt:2)
  A caustic shrike skeleton (Crypt:3)
  9 ironheart preservers
  6 stone giants
  3 vampire knights (Crypt:3)
  An entropy weaver (Lair:4)
  3 ghouls
  5 very ugly things
  A war gargoyle (Vaults:3)
  4 black draconians
  2 green draconians (Zot:1)
  A starcursed mass (Abyss:5)
  4 deep elf demonologists
  2 deep elf annihilators
  4 yellow draconians
  6 white draconians
  3 red draconians
  The ghost of CasualChangeling the Fighter, a journeyman MiFi of Ashenzari (D:13)
  6 spark wasps
  An ettin (shapeshifter) (Vaults:5)
  3 purple draconians
  3 ettins
  3 eidola
  A green death (Depths:3)
  7 deep elf death magi
  6 fire dragons
  3 jiangshi (Crypt:1)
  Josephine (D:14)
  16 hydras
  3 yaktaur captains
  5 ogre magi
  3 quicksilver dragon skeletons (Crypt:3)
  3 deep elf high priests
  A hydra (shapeshifter) (Elf:2)
  27 vault guards
  6 centaur warriors
  3 ice dragons
  A ghost crab (Swamp:2)
  7 alligators
  A rakshasa (Vaults:2)
  Erica (D:10)
  A death knight (Vaults:2)
  2 deep troll earth magi (Vaults:1)
  11 dancing weapons
  2 vampire magi
  23 two-headed ogres
  4 deep troll shamans
  3 tengu warriors
  2 spriggan berserkers (Depths:4)
  3 death yaks
  4 hell knights
  2 orc high priests (Orc:2)
  Urug (Orc:1)
  A titan skeleton (Crypt:3)
  12 deep elf knights
  2 shadow wraiths
  A wretched star (Abyss:5)
  2 death drakes (shapeshifter)
  14 deep trolls
  A deep troll (shapeshifter) (Vaults:5)
  A glowing orange brain (Vaults:3)
  13 skeletal warriors
  4 large abominations (Elf:1)
  4 unseen horrors
  2 spriggan druids (Swamp:4)
  15 deep elf archers
  An iron troll (Depths:4)
  11 swamp dragons
  An unseen horror (shapeshifter) (D:15)
  4 wizards
  An orange crystal statue (Crypt:1)
  A harpy (shapeshifter) (Vaults:4)
  5 ironbrand convokers
  19 orc knights
  A phantasmal warrior (Vaults:5)
  A lindwurm (shapeshifter) (Vaults:5)
  14 orb spiders
  4 lindwurms
  6 necromancers
  39 deep elf magi
  5 orc sorcerers
  15 wolf spiders
  18 ugly things
  A salamander (Depths:2)
  3 cyclopes
  2 salamanders (shapeshifter)
  A shining eye (Slime:1)
  9 moths of wrath
  A guardian serpent (shapeshifter) (Depths:1)
  2 centaur zombies (D:15)
  A fire giant skeleton (Crypt:3)
  9 elephants
  2 stone giant skeletons (Crypt:3)
  A frost giant skeleton (Crypt:3)
  3 molten gargoyles (Lair:6)
  A smoke demon (Abyss:5)
  An eye of devastation (shapeshifter) (Vaults:3)
  2 gargoyles
  9 vault sentinels
  An eye of devastation (Slime:3)
  3 black mambas
  A torpor snail (Lair:4)
  A spiny frog (shapeshifter) (Vaults:4)
  9 spiny frogs
  A rime drake (Lair:6)
  A kobold demonologist (D:14)
  13 yaktaurs
  2 efreet
  A rime drake (shapeshifter) (Vaults:5)
  5 freezing wraiths
  A white draconian skeleton (Crypt:3)
  5 demonic crawlers
  9 komodo dragons
  2 tengu conjurers
  An ice devil (Depths:3)
  2 guardian mummies (Crypt:1)
  A meliai (D:15)
  2 queen bees (shapeshifter)
  A silent spectre (Depths:4)
  The ghost of galech the Chopper, an amateur MiFi (D:4)
  7 trolls
  16 jumping spiders
  A hydra skeleton (Crypt:1)
  A troll (shapeshifter) (D:15)
  3 tyrant leeches
  A queen bee (Lair:1)
  7 hornets
  23 slime creatures
  A slime creature (shapeshifter) (Vaults:4)
  3 raiju (Abyss:5)
  13 blink frogs
  8 hippogriffs
  4 bog bodies
  A guardian serpent skeleton (Crypt:3)
  2 ettin skeletons (Crypt:3)
  5 shadows
  2 air elementals (Elf:2)
  3 spriggans
  5 water elementals
  48 redbacks
  Sigmund (D:6)
  4 fire elementals
  21 tarantellas
  7 wyverns
  35 yaks
  A ynoxinul (Abyss:5)
  3 ice dragon skeletons
  A hog (Swamp:3)
  6 wraiths
  19 humans
  4 basilisks
  3 hungry ghosts
  8 golden eyes
  13 vampire mosquitoes
  2 steam dragons
  7 swamp worms
  6 insubstantial wisps
  7 wargs
  A soldier ant (shapeshifter) (Vaults:1)
  5 water moccasins
  2 soldier ants
  4 acid dragons
  Duvessa (D:6)
  A floating eye (shapeshifter) (Vaults:2)
  A floating eye (Depths:5)
  3 hell hounds (Lair:6)
  11 porcupines
  An infernal demonspawn skeleton (Crypt:3)
  3 black bears
  9 swamp drakes
  5 ice beasts
  43 orc warriors
  An elf zombie (D:15)
  An eye of draining (Slime:1)
  A sky beast (D:5)
  A boggart (shapeshifter) (Vaults:1)
  3 phantoms
  17 ogres
  3 wolves
  3 necrophages (Crypt:3)
  A swamp dragon skeleton (Crypt:3)
  15 centaurs
  11 crocodiles
  3 big kobolds
  14 bullfrogs
  A gnoll sergeant (D:11)
  4 earth elementals
  A salamander skeleton (Crypt:1)
  A hippogriff skeleton (Crypt:1)
  A water moccasin zombie (Crypt:3)
  A draconian skeleton (Crypt:1)
  A cyclops skeleton (Crypt:2)
  4 scorpions
  Dowan (D:6)
  27 killer bees
  29 wights
  A troll skeleton (Crypt:3)
  2 electric eels
  3 vampire bats (Orc:1)
  A howler monkey (D:6)
  3 lava snakes (Lair:6)
  4 crimson imps
  3 bullfrog skeletons
  40 orc priests
  2 bullfrog zombies
  6 hounds
  6 jellies
  13 orc wizards
  A quasit (D:8)
  3 human zombies (Crypt:1)
  Crazy Yiuf (D:3)
  3 centaur skeletons
  A black bear skeleton (Crypt:2)
  Jessica (D:3)
  3 human skeletons
  6 iguanas
  15 worker ants
  2 tengu skeletons
  2 hound skeletons
  4 mummies (Crypt:1)
  A howler monkey zombie (Crypt:3)
  A worker ant zombie (D:5)
  10 gnolls
  9 adders
  2 shadow imps
  A white imp (Vaults:2)
  An ooze (D:3)
  2 adder zombies
  A worm (D:2)
  3 dart slugs
  3 leopard geckos
  66 orcs
  6 ball pythons
  10 giant cockroaches
  19 goblins
  5 hobgoblins
  30 jackals
  32 kobolds
  5 quokkas
  8 bats
  4 frilled lizards
  A leopard gecko skeleton (D:6)
  A leopard gecko zombie (Crypt:2)
  An orc skeleton (Crypt:3)
  3 rats
  7 butterflies (Depths:1)
  A crawling corpse (Elf:3)
1535 creatures vanquished.

Vanquished Creatures (collateral kills)
  the Royal Jelly (Slime:5)
  2 ancient liches
  2 orbs of fire (Zot:1)
  Mennas (Depths:4)
  2 juggernauts (Depths:5)
  Boris (Crypt:1)
  The ghost of Fingolfin the Sharpshooter, a master FoFi of Zin (Depths:2)
  Bai Suzhen (Crypt:2)
  A curse toe (Zot:3)
  A Killer Klown (Zot:5)
  5 golden dragons
  Nikola (Swamp:3)
  A bone dragon (Crypt:3)
  Jory (Depths:3)
  Arachne (Spider:4)
  Jorgrun (Depths:4)
  An electric golem (Zot:5)
  10 tentacled monstrosities
  2 liches
  4 quicksilver dragons
  Asterion (Elf:1)
  7 Orb Guardians (Zot:5)
  A deep elf blademaster (Elf:3)
  3 titans (Vaults:5)
  A deep elf master archer (Elf:3)
  18 acid blobs
  5 death cobs
  5 sphinxes
  Agnes (Spider:1)
  7 ancient champions
  4 draconian monks
  9 storm dragons
  A shadow dragon (shapeshifter) (Vaults:5)
  4 tengu reavers
  10 shadow dragons
  4 revenants (Crypt:2)
  A daeva (Depths:3)
  Roxanne (Spider:3)
  Donald (Crypt:2)
  The ghost of whitenoisemaker the Brawler, a journeyman TrMo of the Shining One (Slime:4)
  9 azure jellies (Slime:5)
  5 fire giants
  6 deep elf sorcerers
  2 vault wardens (Vaults:5)
  5 draconian scorchers
  9 frost giants
  Louise (Swamp:3)
  An orc warlord (Vaults:4)
  The ghost of 4thArraOfDagon the Brawler, a journeyman DrIE of Lugonu (Elf:3)
  An iron dragon (Depths:5)
  A caustic shrike zombie (Crypt:1)
  4 draconian knights
  6 emperor scorpions
  A draconian shifter (Zot:2)
  4 ghost moths (Spider:4)
  2 deep elf elementalists
  An angel (Depths:3)
  2 caustic shrike skeletons (Crypt:3)
  A draconian annihilator (Zot:4)
  A draconian stormcaller (Zot:1)
  3 ironheart preservers
  7 green draconians
  16 very ugly things
  14 stone giants
  2 ghouls
  A vampire knight (Depths:2)
  An entropy weaver (Spider:4)
  A deep elf demonologist (Vaults:5)
  8 black draconians
  6 white draconians
  5 yellow draconians
  5 deep elf annihilators
  13 red draconians
  6 purple draconians
  6 spark wasps
  3 death oozes (Slime:5)
  2 eidola
  5 deep elf death magi
  8 fire dragons
  5 ettins
  A crystal guardian (Vaults:5)
  8 jiangshi
  Erolcha (Orc:2)
  A fire dragon (shapeshifter) (Depths:4)
  6 great orbs of eyes
  6 rakshasas
  8 yaktaur captains
  7 hydras
  6 ice dragons
  9 deep elf high priests
  A catoblepas (Lair:5)
  2 death knights
  An alligator (Swamp:2)
  3 ogre magi
  4 death yaks
  3 centaur warriors
  4 deep troll earth magi
  6 dancing weapons
  7 deep troll shamans
  4 tengu warriors
  2 vampire magi
  4 spriggan berserkers
  2 orc high priests (Orc:2)
  5 two-headed ogres
  3 deep elf knights
  2 hell knights (Depths:3)
  A sixfirhy (Depths:3)
  A shadow wraith (Crypt:2)
  4 titan skeletons (Crypt:3)
  A salamander mystic (Depths:2)
  12 skeletal warriors
  4 iron trolls
  18 deep trolls
  2 wizards
  2 unseen horrors
  4 swamp dragons
  9 deep elf archers
  2 glowing orange brains (Depths:4)
  A lindwurm (Lair:6)
  An orange crystal statue (D:9)
  2 flayed ghosts (Crypt:2)
  5 phantasmal warriors
  3 necromancers
  A harpy (shapeshifter) (Vaults:4)
  5 ironbrand convokers
  10 orb spiders
  9 orc knights
  5 shining eyes
  13 deep elf magi
  A cyclops (Vaults:2)
  A wolf spider zombie (Crypt:1)
  21 wolf spiders
  23 ugly things
  3 salamanders
  A centaur zombie (D:15)
  10 moths of wrath
  A shadow dragon skeleton (Crypt:2)
  A stone giant skeleton (Crypt:3)
  6 elephants
  A black mamba (Lair:5)
  An eye of devastation (Slime:1)
  A black mamba (shapeshifter) (Vaults:1)
  An ice statue (D:9)
  2 vault sentinels
  A gargoyle (D:15)
  5 spiny frogs
  2 torpor snails (Spider:2)
  17 yaktaurs
  An efreet (D:13)
  2 komodo dragons (Lair:6)
  A redback zombie (Crypt:2)
  2 ice devils (Depths:3)
  6 demonic crawlers
  3 tengu conjurers
  A tyrant leech (Swamp:1)
  26 jumping spiders
  2 trolls
  A purple draconian skeleton (Crypt:3)
  A queen bee (shapeshifter) (Elf:3)
  4 small abominations (Elf:3)
  2 bog bodies
  21 slime creatures
  9 hornets
  8 blink frogs
  2 hippogriffs
  A hydra skeleton (Crypt:3)
  An ice dragon zombie (Crypt:1)
  A fire giant simulacrum (Vaults:2)
  2 shadows
  3 water elementals
  An air elemental (Elf:3)
  A wyvern (Lair:6)
  A fire dragon skeleton (Crypt:2)
  30 redbacks
  14 tarantellas
  A wraith (Crypt:2)
  A human (D:14)
  A spriggan (Depths:3)
  3 golden eyes
  10 yaks
  3 hogs (Swamp:3)
  5 vampire mosquitoes
  A hungry ghost (D:15)
  10 insubstantial wisps
  2 wargs
  A glowing shapeshifter zombie (Crypt:2)
  An elf zombie (Elf:1)
  6 swamp worms
  A hell hound (Lair:6)
  A water moccasin (Lair:2)
  A floating eye (Slime:4)
  3 eyes of draining
  4 swamp drakes
  An ice beast (D:8)
  10 ogres
  22 orc warriors
  2 sky beasts
  5 centaurs
  2 swamp dragon skeletons (Crypt:3)
  A crocodile (Lair:6)
  2 big kobolds
  A salamander zombie (Crypt:1)
  A bullfrog (D:15)
  2 earth elementals (Spider:4)
  A scorpion (D:10)
  A troll skeleton (Crypt:3)
  A troll zombie (Crypt:1)
  9 wights
  An electric eel (Lair:5)
  2 lava snakes (Lair:6)
  A jelly (D:6)
  A hound (D:9)
  13 orc priests
  A centaur skeleton (Crypt:3)
  An orc wizard (D:15)
  A soldier ant zombie (Crypt:2)
  A human skeleton (Crypt:1)
  An iron imp (Depths:1)
  A worker ant (D:8)
  A demigod zombie (Crypt:3)
  A demigod skeleton (Crypt:2)
  An adder (D:5)
  A shadow imp (D:8)
  37 orcs
  2 giant cockroaches
  A jackal (D:4)
  A jackal skeleton (D:4)
  2 kobolds
  9 butterflies
  7 crawling corpses
  12 fungi
  4 plants
991 creatures vanquished.

Vanquished Creatures (others)
  4 profane servitors
  A bone dragon (Zot:1)
  A titan (Depths:4)
  An eldritch tentacle (Abyss:5)
  A deep elf sorcerer (Depths:4)
  A ghost moth (Zot:5)
  Aizul (Elf:1)
  11 ghouls
  A stone giant (Vaults:5)
  13 vampire knights
  A hell knight (Vaults:5)
  16 skeletal warriors
  2 spark wasp zombies
  11 flayed ghosts
  4 wolf spider zombies
  A shambling mangrove (Swamp:3)
  13 phantasmal warriors
  2 spectral orcs
  4 ugly thing zombies
  A spectral rakshasa (Depths:2)
  4 moths of wrath
  A yaktaur (Vaults:5)
  6 redback zombies
  5 human zombies
  4 hydra zombies (Swamp:4)
  3 hornets (Swamp:3)
  A raiju (Abyss:5)
  3 tarantella zombies
  2 tyrant leeches
  A fire dragon zombie (Vaults:3)
  A slime creature (Swamp:1)
  A meliai zombie (D:15)
  4 jumping spider zombies
  11 flying skulls
  A shadow (Swamp:1)
  A deep troll skeleton (Depths:4)
  A tarantella (Spider:2)
  14 vampires
  2 wraiths
  A wyvern (Lair:6)
  A spriggan zombie (Swamp:4)
  A basilisk (D:14)
  3 elf skeletons
  A two-headed ogre zombie (Vaults:2)
  A spiny frog zombie (Lair:6)
  4 deep troll zombies
  3 orb spider zombies
  An orc warrior (Vaults:1)
  An elephant zombie (Lair:6)
  A swamp drake (Swamp:3)
  9 elf zombies
  A swamp dragon zombie (Swamp:4)
  An ogre (Vaults:4)
  A hog skeleton (Swamp:3)
  3 vampire mosquito zombies
  A salamander zombie (Depths:2)
  2 yaktaur zombies (Vaults:1)
  A yaktaur skeleton (Vaults:2)
  A cyclops zombie (Orc:2)
  A hippogriff skeleton (Lair:6)
  2 warg zombies (Vaults:1)
  A wyvern skeleton (Lair:6)
  3 troll zombies
  7 yak zombies
  3 wights
  A yak skeleton (D:9)
  2 wolf zombies (Vaults:2)
  4 centaur zombies
  A jelly (D:14)
  4 ogre zombies
  An orc priest (D:4)
  A basilisk skeleton (D:8)
  A bog body skeleton (Swamp:1)
  A bullfrog skeleton (Lair:3)
  3 human skeletons
  An orc wizard (D:4)
  2 killer bee zombies (D:12)
  2 crocodile zombies (Lair:6)
  A sky beast zombie (D:9)
  A crocodile skeleton (Lair:6)
  A hound zombie (D:8)
  2 mummies
  A swamp drake zombie (Swamp:4)
  A gnoll skeleton (Bailey)
  A goblin skeleton (Bailey)
  A jackal zombie (D:4)
  A kobold skeleton (D:11)
  3 kobold zombies (Bailey)
  8 orc skeletons
  34 orc zombies
  11 fungi
  4 plants (Lair:6)
  8 starspawn tentacles (Abyss:5)
313 creatures vanquished.

Grand Total: 2839 creatures vanquished

Action                   |  1- 3 |  4- 6 |  7- 9 | 10-12 | 13-15 | 16-18 | 19-21 | 22-24 | 25-27 || total
-------------------------+-------+-------+-------+-------+-------+-------+-------+-------+-------++-------
Melee: Short sword       |   100 |    77 |       |       |       |       |       |       |       ||   177
       Punch             |     1 |     2 |     9 |    26 |    17 |    54 |       |       |       ||   109
       Unarmed           |       |   225 |   551 |   910 |   443 |  1321 |  1861 |   784 |  1264 ||  7359
 Cast: Olgreb's Toxic Ra |       |       |       |       |       |    45 |       |       |       ||    45
       Mephitic Cloud    |       |       |       |       |       |     5 |       |       |       ||     5
       Blink             |       |       |       |       |       |       |     1 |       |       ||     1
Invok: Animate Remains   |       |       |    17 |     4 |       |       |       |       |       ||    21
       Injury Mirror     |       |       |     2 |       |     1 |       |       |       |       ||     3
       Animate Dead      |       |       |     1 |    37 |    20 |    67 |    41 |    16 |       ||   182
       Recall Undead Sla |       |       |       |     1 |     4 |     2 |     4 |    16 |    16 ||    43
       Drain Life        |       |       |       |     1 |     8 |    23 |    59 |    39 |    17 ||   147
       Enslave Soul      |       |       |       |       |     2 |     1 |     1 |     1 |       ||     5
       Stop Recall       |       |       |       |       |       |       |       |     1 |       ||     1
Evoke: Wand              |     2 |    24 |    54 |    18 |     4 |     9 |     7 |     6 |     7 ||   131
       Lightning rod     |       |       |       |     8 |     9 |    19 |    20 |     8 |       ||    64
       Phantom mirror    |       |       |       |       |       |       |     3 |       |       ||     3
       Sack of spiders   |       |       |       |       |       |       |       |     2 |     3 ||     5
       Box of beasts     |       |       |       |       |       |       |       |     2 |       ||     2
  Use: Scroll            |       |       |     9 |     7 |     9 |    18 |    10 |    17 |     5 ||    75
       Potion            |       |       |     1 |       |     4 |     8 |     7 |    11 |     1 ||    32
 Stab: Sleeping          |       |     1 |       |       |       |     4 |     1 |     4 |    12 ||    22
       Paralysed         |       |       |     9 |    16 |     5 |     2 |     1 |     6 |     2 ||    41
       Distracted        |       |       |     2 |     3 |     3 |    13 |     8 |    26 |    26 ||    81
       Betrayed ally     |       |       |       |     1 |       |       |       |       |       ||     1
       Confused          |       |       |       |       |     2 |       |       |       |       ||     2
       Held in net/web   |       |       |       |       |       |     3 |       |       |     1 ||     4
  Eat: Chunk             |    17 |    36 |    60 |   111 |    46 |   180 |   216 |   145 |   109 ||   920
       Ration            |       |       |       |       |       |     1 |       |     1 |       ||     2
Armor: Leather armour    |    24 |    27 |       |       |       |       |       |       |       ||    51
       Scale mail        |       |    83 |   145 |       |       |       |       |       |       ||   228
       Plate armour      |       |       |   201 |   585 |   218 |    23 |       |       |       ||  1027
       Ring mail         |       |       |       |       |       |   853 |   730 |   267 |   323 ||  2173
Dodge: Dodged            |    67 |   186 |   255 |   276 |   174 |  1200 |   926 |   342 |   520 ||  3946
Block: Buckler           |       |       |       |       |       |   148 |   436 |     5 |       ||   589
       Shield            |       |       |       |       |       |       |       |   371 |   640 ||  1011
       Reflection        |       |       |       |       |       |       |       |    30 |       ||    30

Vault maps used:
D:1:      dpeg_arrival_arbitrary_c
D:2:      first_ration, corner_web_ring
D:3:      dk_yredelemnul_ordeal, uniq_crazy_yiuf_cottage, uniq_jessica
D:4:      zin_purify, minmay_temple_entry_water_ring, corexii_corridor_pit,
          st_stairs_8
D:6:      regret_index_temple_of_mockery, grunt_temple_overflow_open,
          uniq_duvessa, uniq_sigmund
D:7:      cheibrodos_quashed, enter_bailey_3
D:8:      lemuel_insect_pit, lemuel_coloured_pillars_altar, old_standard_altar,
          minmay_lair_entry_grove, the_bakery
D:9:      minmay_separated_statues
D:10:     serial_shops, shop, uniq_erica, uniq_psyche, uniq_maurice
D:12:     erik_orc_1, nicolae_dithmenos_the_darkroom
D:13:     serial_shops, nicolae_shop_stone, elyvilon_altar_5
D:14:     grunt_vaults_entry_tiered, minmay_door_square, lemuel_flamethrower_2,
          uniq_josephine
D:15:     grunt_enter_depths_magical_seal, minmay_joined_circles
Lair:2:   st_stairs_9
Lair:3:   minmay_swamp_entry_swarm
Lair:4:   spider_nest_entry_web_field
Lair:5:   zaba_anthole
Lair:6:   cheibrodos_lair_end_hotspot, slime_altar_1
Swamp:1:  infiniplex_staircase_pool_2
Swamp:2:  hangedman_swamp_pad, swamp_pool1
Swamp:3:  evilmike_swamp_ruin_house_3, uniq_nikola, uniq_kirke, uniq_louise
Swamp:4:  swamp_alternative
Spider:1: uniq_agnes
Spider:3: nicolae_spider_mines_3, spider_trap, uniq_roxanne
Spider:4: johnstein_spider_rune_arachne_lair, hangedman_stitches_earthworm
Slime:2:  uniq_dissolution
Slime:3:  nicolae_slime_barrier
Orc:1:    serial_shops, nicolae_shop_statue_plus, roderic_batcave, uniq_urug
Orc:2:    st_orc_pillars, serial_shops, nicolae_shop_stone, uniq_erolcha,
          uniq_saint_roka
Elf:1:    serial_shops, shop, minmay_elf_necromancy, spider_trap,
          hangedman_elven_ridges, minivault_4, unseen_surprise_small,
          uniq_frances, uniq_asterion, uniq_aizul
Elf:3:    minmay_elf_hall_hex, serial_shops, shop
Vaults:1: hangedman_vaults_river_flow, ontoclasm_vaults_tryst, vaults_dpeg_ring,
          vaults_standard_mumra_x, nicolae_vaults_little_squares_6,
          hangedman_vaults_nails, serial_ice_b
Vaults:2: blue_anna_dwarven_crypt, nicolae_vaults_diagonal_hallway_9, v_misc_32,
          serial_ice_b, ontoclasm_vaults_loading_screen, vaults_room_hallway,
          v_misc_10, vaults_room_pool, hangedman_vaults_variations,
          nicolae_vaults_twisting_passages, nicolae_vaults_little_ls
Vaults:3: v_rooms_2, minmay_guarded_unrand_guard_vaults,
          hangedman_vaults_capsules, grunt_vaults_focal,
          hangedman_vaults_corner_blocks, hangedman_vaults_restitches,
          vaults_dpeg_cross, vaults_mumra_lcd, nicolae_vaults_network_star,
          nicolae_vaults_gold_heap, ontoclasm_vaults_pinch
Vaults:4: nicolae_vaults_asterisk, v_misc_29, vaults_room_pool,
          hangedman_vaults_nodes, grunt_vaults_funnel, special_room_vaults,
          nicolae_vaults_stairing_the_circle, nicolae_vaults_border_crossing,
          ontoclasm_vaults_hangar, vaults_mumra_minichess_inversion,
          vaults_dpeg_doors, v_alt_pattern_3, v_misc_22, serial_shops, shop,
          shop, shop, shop
Vaults:5: uniq_margery, uniq_mara
Crypt:1:  cheibrodos_crypt_eye_of_stone, lemuel_mausoleum_altar_kikubaaqudgha,
          grunt_crypt_arrival_guarded_gate, uniq_boris, uniq_frederick
Crypt:2:  st_stairs_5, stair_cage_line, columned_hall_lemuel, uniq_donald,
          uniq_bai_suzhen
Crypt:3:  due_elkab
Depths:1: enter_ziggurat_b, bh_walls_and_bars, abyss_entry,
          grunt_hell_entry_dis_old, not_door_vault_mu, st_stairs_3,
          kennysheep_cross_room, minivault_14, nicolae_blasting_shop
Depths:2: kennysheep_green_arena, abyss_entry, pf_coc_iceberg,
          minmay_misc_feat_rows, infiniplex_staircase_spiral
Depths:3: abrahamwl_protected_by_tso_1, rand_demon_pan_entry_7, hell_entry,
          kennysheep_small_circle, minmay_staircase_statues, uniq_jory
Depths:4: emtedronai_trogs_sanctum, hell_entry, serial_co_window_serial,
          co_window_corner_a, co_window_of_opportunity_a, co_window_corner_a,
          co_window_paths_a, co_window_of_opportunity_a, co_window_corner_a,
          co_window_paths_a, co_window_cross_1, co_window_paths_a,
          co_window_corner_cb, co_window_2corner, co_window_corner_b,
          glass_columns_a, glass_columns_c, glass_columns_a, abyss_entry,
          uniq_sojobo, uniq_xtahua, uniq_jorgrun, uniq_mennas
Depths:5: evilmike_zot_entry_hall, hell_entry, serial_glass, glass_columns_c,
          glass_columns_a, glass_columns_a, glass_columns_b, glass_columns_b,
          glass_columns_a, glass_columns_a, glass_columns_a, glass_columns_b,
          glass_columns_b, glass_columns_a, glass_columns_b, glass_columns_a,
          glass_columns_b, hangedman_glass_teeth, nicolae_rare_books
Zot:1:    lemuel_lake_of_fire
Zot:4:    kennysheep_spiral_hall
Zot:5:    lemuel_golem_globe
Abyss:5:  evilmike_abyss_rune_siren_acolytes, hangedman_abyss_sting
Bailey:   bailey_axe_bossmonster_kennysheep, bailey
